 Dungeon Crawl Stone Soup version 0.23.2-1-ga50397a6bc (webtiles) character file.

Game seed: 1584766036523237609

5308 Mrkan the Grappler (level 10, 0/104 HPs)
             Began as a Troll Monk on May 21, 2019.
             Was an Elder of Wu Jian.
             Slain by a killer bee (9 damage)
             ... on level 9 of the Dungeon.
             The game lasted 00:16:05 (6455 turns).

Mrkan the Grappler (Troll Monk)                     Turns: 6455, Time: 00:16:06

Health: 0/104      AC:  6    Str: 21    XL:     10   Next: 37%
Magic:  9/9        EV: 11    Int:  6    God:    Wu Jian [****..]
Gold:   572        SH:  0    Dex: 15    Spells: 9/9 levels left

rFire    . . .     SeeInvis .     - Unarmed
rCold    . . .     Gourm    +   (no shield)
rNeg     . . .     Faith    .   a - +0 robe
rPois    .         Spirit   .   (helmet restricted)
rElec    .         Reflect  .   (no cloak)
rCorr    .         Harm     .   (gloves unavailable)
MR       .....                  (boots unavailable)
Stlth    ++........             (no amulet)
HPRegen  0.67/turn              (no ring)
MPRegen  0.11/turn              (no ring)

@: lethally poisoned (0 -> -7)
A: large, unfitting armour, claws 3, fast metabolism 3, gourmand, regeneration
1, shaggy fur 1, tough skin 3
a: Wall Jump, Serpent's Lash, Renounce Religion


You were on level 9 of the Dungeon.
You worshipped Wu Jian.
Wu Jian was greatly pleased with you.
You were very full.

You visited 2 branches of the dungeon, and saw 11 of its levels.
You also visited: Ossuary.

You collected 572 gold pieces.

Inventory:

Hand Weapons
 e - a +2 rapier of venom
 m - a +0 morningstar
 H - the +8 trident "Kuaxteuq" {venom, rN+ Str+2, unknown}
   (You found it on level 7 of the Dungeon)

   It poisons the flesh of those it strikes.
   It affects your strength (+2).
   It protects you from negative energy.
 K - a +0 quarterstaff of crushing
 L - a +1 dire flail of protection
Missiles
 n - 347 stones (quivered)
 y - 4 large rocks
 E - 3 javelins
Armour
 a - a +0 robe (worn)
Jewellery
 g - an uncursed ring of protection from cold
 I - a +1 ring of protection {unknown}
Scrolls
 d - 5 scrolls of teleportation
 f - 2 scrolls of enchant weapon {unknown}
 j - 7 scrolls of remove curse
 l - a scroll of fear {unknown}
 o - a scroll of random uselessness {unknown}
 t - 2 scrolls of magic mapping {unknown}
 u - 2 scrolls of amnesia {unknown}
 v - 2 scrolls of enchant armour {unknown}
 x - 3 scrolls of blinking
 F - 3 scrolls of identify
 G - 2 scrolls of fog {unknown}
 J - a scroll of brand weapon {unknown}
Potions
 c - 2 potions of haste {unknown}
 h - 6 potions of brilliance
 i - 2 potions of cancellation
 k - a potion of heal wounds
 p - a potion of might
 q - 2 potions of agility
 r - 7 potions of curing
 s - 4 potions of mutation
 w - 2 potions of invisibility {unknown}
 z - a potion of degeneration {unknown}
 A - 2 potions of magic {unknown}
 B - 3 potions of lignification
 C - a potion of resistance {unknown}
 D - a potion of ambrosia {unknown}
Comestibles
 b - 19 rations


   Skills:
 + Level 7.7 Fighting
 - Level 7.8 Throwing
 + Level 2.7 Dodging
 - Level 1.0 Stealth
 + Level 10.0 Unarmed Combat


You had 9 spell levels left.
You didn't know any spells.
Your spell library contained the following spells:

 Spells                   Type           Power        Failure   Level  Hunger
 Confusing Touch          Hex            #.....       45%         1    ##.....
 Corona                   Hex            #......      45%         1    ##.....
 Ensorcelled Hibernation  Hex/Ice        #.....       58%         2    ###....
 Confuse                  Hex            #.......     83%         3    ####...
 Dazzling Spray           Conj/Hex       #.....       83%         3    ####...
 Gell's Gravitas          Tloc           #.........   83%         3    ####...
 Tukima's Dance           Hex            #.......     83%         3    ####...
 Petrify                  Tmut/Erth      #.......     99%         4    #####..
 Metabolic Englaciation   Hex/Ice        #.........   100%        5    ######.
 Yara's Violent Unravell  Hex/Tmut       #.........   100%        5    ######.


Dungeon Overview and Level Annotations

Branches:
Dungeon (10/15)            Temple (1/1) D:4
   Lair: D:8-11         Orc: D:9-12

Altars:
Ashenzari
Cheibriados
Dithmenos
Fedhas
Gozag
Hepliaklqana
Kikubaaqudgha
Makhleb
Nemelex Xobeh
Okawaru
Ru
Sif Muna
Uskayaw
Vehumet
Wu Jian
Xom
Yredelemnul
Zin

Shops:
D:4 :   D:5 ?   D:10 ?

Portals:
Bailey: D:10


Innate Abilities, Weirdness & Mutations

You are too large for most types of armour.
You have claws for hands.
Your metabolism is lightning-fast.
You like to eat raw meat.
Your natural rate of healing is unusually fast.
You are covered in fur. (AC +1)
You have extremely tough skin. (AC +3)


Message History

You feel sick. The killer bee barely misses you.
There is an open door here.
You feel sick. The killer bee closely misses you. The quokka barely misses you.
The crimson imp blinks!
You spin and attack the quokka.
You mangle the quokka!!
You kill the quokka!
The Council accepts your kill.
You feel sick. The killer bee stings you!
* * * LOW HITPOINT WARNING * * *
You spin and attack the crimson imp.
You claw the crimson imp!
You kill the crimson imp!
The Council accepts your kill.
Your Unarmed Combat skill increases to level 10!
You feel sick. The killer bee stings you.
* * * LOW HITPOINT WARNING * * *
You are more poisoned.
The killer bee poisons you!
You feel less exhausted.
You feel sick. The killer bee stings you!
You die...

#.....#
#.....#####+#
#.........>[.
#.cO.........
#.###O##....
#.(....# .
#.#....#
#.#yh..#
#c#@>..#
....O.†r######
.........
..........
...........
............
#####..?.....
#.........


You could see a two-headed ogre, a hound and a killer bee.

Vanquished Creatures
  A gargoyle (D:10)
  A hornet (D:8)
  A hippogriff (D:10)
  Eustachio (D:6)
  2 orc warriors
  An ice beast (D:7)
  A water moccasin (D:10)
  A phantom (D:7)
  4 sky beasts
  A necrophage (D:10)
  4 ogres
  A centaur (D:7)
  A big kobold (D:7)
  6 bullfrogs
  A water moccasin skeleton (D:7)
  4 scorpions
  11 killer bees
  3 wights (D:10)
  3 howler monkeys
  5 crimson imps
  2 quasits (D:7)
  7 orc priests
  Terence (D:2)
  7 hounds
  3 jellies
  7 orc wizards
  A bullfrog skeleton (D:4)
  Jessica (D:2)
  Natasha (thrice) (D:2)
  2 iguanas
  9 worker ants
  A hound zombie (D:8)
  8 mummies (Ossuary)
  Robin (D:2)
  A howler monkey skeleton (D:5)
  13 adders
  2 shadow imps
  An ooze (D:7)
  5 worms
  A dart slug (D:1)
  5 leopard geckos
  14 orcs
  8 bats
  4 giant cockroaches
  14 goblins
  14 hobgoblins
  11 jackals
  2 quokkas
  A ball python (D:7)
  2 frilled lizards
  4 hobgoblin zombies (Ossuary)
  A jackal skeleton (D:5)
  16 kobolds
  2 kobold zombies (Ossuary)
  A leopard gecko skeleton (D:5)
  2 orc zombies (Ossuary)
  8 rats
  2 butterflies
240 creatures vanquished.

Vanquished Creatures (others)
  A hobgoblin (D:1)
1 creature vanquished.

Grand Total: 241 creatures vanquished

Notes
Turn   | Place    | Note
-------+----------+-------------------------------------------
     0 | D:1      | Mrkan the Troll Monk began the quest for the Orb.
     0 | D:1      | Reached XP level 1. HP: 22/22 MP: 0/0
   229 | D:1      | Reached XP level 2. HP: 26/29 MP: 1/1
   475 | D:2      | Noticed Robin
   481 | D:1      | Reached skill level 4 in Unarmed Combat
   519 | D:2      | Reached XP level 3. HP: 36/36 MP: 2/2
   526 | D:2      | Killed Robin
   756 | D:2      | Noticed Natasha
   766 | D:2      | Killed Natasha
   766 | D:2      | Reached skill level 5 in Unarmed Combat
   766 | D:2      | Reached XP level 4. HP: 39/44 MP: 3/3
   874 | D:2      | Noticed Jessica
   883 | D:2      | Killed Jessica
   939 | D:2      | Noticed Terence
   948 | D:2      | Killed Terence
   948 | D:2      | Reached XP level 5. HP: 36/50 MP: 4/4
   990 | D:2      | Noticed Natasha
  1062 | D:2      | Reached skill level 6 in Unarmed Combat
  1097 | D:2      | Killed Natasha
  1191 | D:2      | Noticed Natasha
  1195 | D:2      | Killed Natasha
  1808 | D:3      | Reached XP level 6. HP: 55/59 MP: 5/5
  1850 | D:3      | Found a faded altar of an unknown god.
  1879 | D:3      | Reached skill level 7 in Unarmed Combat
  2541 | D:4      | Found Mucve's Book Emporium.
  2553 | D:4      | Reached skill level 8 in Unarmed Combat
  2559 | D:4      | Reached XP level 7. HP: 53/66 MP: 6/6
  2696 | D:4      | Found a shimmering altar of Xom.
  2969 | D:4      | Reached skill level 9 in Unarmed Combat
  3038 | D:4      | Found a staircase to the Ecumenical Temple.
  3064 | Temple   | Entered the Ecumenical Temple
  3099 | Temple   | Became a worshipper of the Wu Jian Council
  3099 | Temple   | Reached * piety under Wu Jian
  3099 | Temple   | Reached ** piety under Wu Jian
  3413 | D:5      | Entered Level 5 of the Dungeon
  3480 | D:5      | Found Bipoqink's Magic Scroll Shop.
  3508 | D:5      | Reached XP level 8. HP: 72/74 MP: 7/7
  3606 | D:5      | Found a sand-covered staircase.
  3607 | D:5      | Reached skill level 1 in Throwing
  3615 | Ossuary  | Entered an ossuary
  4093 | D:6      | Noticed Eustachio
  4106 | D:6      | Killed Eustachio
  4893 | D:7      | Found a hide-covered altar of Uskayaw.
  4921 | D:7      | Got a shimmering trident
  4949 | D:7      | Reached *** piety under Wu Jian
  5003 | D:7      | Reached XP level 9. HP: 79/87 MP: 8/8
  5118 | D:7      | Reached skill level 5 in Fighting
  5280 | D:7      | Reached skill level 5 in Throwing
  5803 | D:8      | Reached **** piety under Wu Jian
  5842 | D:8      | You fall through a shaft for 2 floors!
  5842 | D:10     | Entered Level 10 of the Dungeon
  5842 | D:10     | Found a flagged portal.
  5902 | D:10     | Noticed a gargoyle
  5910 | D:10     | Reached XP level 10. HP: 43/102 MP: 9/9
  5912 | D:10     | Killed a gargoyle
  5964 | D:10     | Found Jyikieri's Magic Scroll Shop.
  6436 | D:9      | Noticed a two-headed ogre
  6448 | D:9      | HP: 5/104 [killer bee (7)]
  6454 | D:9      | Reached skill level 10 in Unarmed Combat
  6455 | D:9      | Slain by a killer bee

Skill      XL: |  1  2  3  4  5  6  7  8  9 10 |
---------------+-------------------------------+-----
Unarmed Combat | 4 5 6 8 9 10 | 10.0
Throwing       | 4 7 |  7.8
Fighting       | 4 7 |  7.7
Dodging        | |  2.7
Stealth        | |  1.0

Action                   |  1- 3 |  4- 6 |  7- 9 | 10-12 || total
-------------------------+-------+-------+-------+-------++-------
Melee: Unarmed           |    72 |   171 |   358 |    81 ||   682
       Punch             |       |     6 |    13 |     4 ||    23
Invok: Whirlwind         |       |       |    73 |     8 ||    81
       Lunge             |       |       |    22 |     7 ||    29
       Serpent's Lash    |       |       |       |     1 ||     1
  Use: Scroll            |       |       |    11 |       ||    11
       Potion            |       |       |       |     2 ||     2
 Stab: Sleeping          |       |       |     6 |       ||     6
       Distracted        |       |       |     1 |       ||     1
  Eat: Chunk             |    12 |    17 |    27 |     4 ||    60
       Ration            |       |       |     1 |       ||     1
Armor: Robe              |    49 |    59 |    85 |    25 ||   218
Dodge: Dodged            |    58 |   103 |   116 |    62 ||   339
